 Dungeon Crawl Stone Soup version 0.29-a0-362-g5854e031c7 (webtiles) character file.

Game seed: 3587563331513543562

49 Enlil the Sneak (level 3, -13/24 HPs)
             Began as a Vampire Enchanter on Apr 29, 2022.
             Mangled by an ogre
             ... wielding a +0 giant spiked club
              (16 damage)
             ... on level 3 of the Dungeon.
             The game lasted 00:05:53 (1433 turns).

Enlil the Sneak (Vampire Enchanter)                 Turns: 1433, Time: 00:05:53

Health: -13/24     AC:  3    Str: 15    XL:     3   Next: 53%
Magic:  6/6        EV: 16    Int: 17    God:
Gold:   88         SH:  0    Dex: 14    Spells: 3/6 levels left

rFire   . . .      SeeInvis +   a - +1 dagger
rCold   . . .      Faith    .   (no shield)
rNeg    . . .      Spirit   .   h - +0 leather armour
rPois   .          Reflect  .   (no helmet)
rElec   .          Harm     .   (no cloak)
rCorr   .          Rampage  .   (no gloves)
Will    .....                   (no boots)
Stlth   ++........              (no amulet)
HPRegen 0.28/turn               f - +4 ring of evasion
MPRegen 0.10/turn               k - +6 ring of strength

@: silenced, healing quickly, invisible
A: alive, fangs 3, see invisible, vampiric 2
a: Exsanguinate


You were on level 3 of the Dungeon.
You visited 1 branch of the dungeon, and saw 3 of its levels.

You collected 88 gold pieces.

Inventory:

Hand Weapons
 a - a +1 dagger (weapon)
Armour
 b - a +0 robe
 h - a +0 leather armour (worn)
Jewellery
 d - a ring of flight
 f - a +4 ring of evasion (left hand)
 k - a +6 ring of strength (right hand)
Scrolls
 g - a scroll of amnesia {unknown}
 i - a scroll of vulnerability {unknown}
 j - 3 scrolls of teleportation {unknown}
Potions
 e - a potion of curing {unknown}


   Skills:
 + Level 1.9 Short Blades
 + Level 0.6 Armour
 + Level 2.6 Dodging
 + Level 4.9 Stealth
 + Level 2.3 Spellcasting
 + Level 4.9 Hexes


You had 3 spell levels left.
You knew the following spells:

 Your Spells              Type           Power      Damage    Failure   Level
a - Confusing Touch       Hex            18%        N/A       9%          3

Your spell library contained the following spells:

 Spells                   Type           Power      Damage    Failure   Level
 Tukima's Dance           Hex            18%        N/A       9%          3
 Ensorcelled Hibernation  Hex/Ice        20%        N/A       13%         2
 Dazzling Flash           Conj/Hex       20%        N/A       26%         3


Dungeon Overview and Level Annotations

Branches:
Dungeon (3/15)

Altars:

Annotations:
D:2 Sigmund


Innate Abilities, Weirdness & Mutations

Your natural rate of healing is accelerated.
You have razor-sharp teeth.
You have supernaturally acute eyesight. (SInv)
You are afflicted with vampirism and can become a bat while bloodless.


Message History

You impale the bat!!
You kill the bat!
You see here a bat corpse.
The helpless adder fails to defend itself.
You impale the adder!!
You kill the adder!
There is a stone staircase leading up here.
Done exploring.
Done exploring.
Done exploring.
There is a stone staircase leading down here.
You climb downwards.
Found a scroll labelled MUL KUTZUA and a scroll labelled BOAFENOA LALO.
There is a stone staircase leading up here.
An ogre comes into view. It is wielding a +0 giant spiked club.
A jackal comes into view.
A jackal, a quokka and a goblin come into view.
The jackal barks!
The goblin shouts!
The jackal misses you.
The ogre hits you with a +0 giant spiked club!!
Ouch! That really hurt!
* * * LOW HITPOINT WARNING * * *
You are too injured to fight recklessly!
The jackal bites you.
* * * LOW HITPOINT WARNING * * *
The jackal barely misses you.
You see here a scroll labelled MUL KUTZUA.
You completely miss the jackal. Your bite misses the jackal.
The jackal completely misses you. The jackal misses you.
As you read the scroll labelled MUL KUTZUA, it crumbles to dust.
A profound silence engulfs you.
It was a scroll of silence.
The ogre barely misses you. The jackal closely misses you.
Magic scrolls do not work when you're silenced!
You fade into invisibility!
The jackal completely misses you.
There are monsters nearby!
The jackal barely misses you.
The ogre hits you with a +0 giant spiked club!
Ouch! That really hurt!
You die...

#...g.......+
#...........#
#...........#
#....h......#
#....rh.....###
#######h.......
#..O.........
##.###........
#.rO@hg.....S.
######.....?..
+........
#........
#........
#........
#........
#........


You could see an ogre (can't see you), a quokka (can't see you), a jackal (can't
see you) and a goblin (can't see you).

Vanquished Creatures
  2 adders (D:2)
  A worm (D:2)
  2 dart slugs
  4 endoplasms
  2 hobgoblins
  3 quokkas (D:2)
  2 ball pythons
  3 bats
  A kobold (D:1)
  6 rats
26 creatures vanquished.

Notes
Turn   | Place    | Note
-------+----------+-------------------------------------------
     0 | D:1      | Enlil the Vampire Enchanter began the quest for the Orb.
     0 | D:1      | Reached XP level 1. HP: 13/13 MP: 3/3
   172 | D:1      | Found a faded altar of an unknown god.
   530 | D:1      | Reached XP level 2. HP: 19/19 MP: 5/5
   670 | D:2      | Noticed Sigmund
   821 | D:2      | Gained mutation: You are afflicted with vampirism and can
                  | become a bat while bloodless. [Vampire growth]
   821 | D:2      | Reached XP level 3. HP: 18/24 MP: 6/6
   858 | D:2      | Learned a level 3 spell: Confusing Touch
  1418 | D:3      | Noticed an ogre
  1422 | D:3      | HP: 1/24 [ogre/+0 giant spiked club (23)]
  1433 | D:3      | Mangled by an ogre

Illustrated notes

Levels and vault maps discovered:
D:1:      dpeg_arrival_shelter, layout_basic, dreamdust_ecumenical_altar_grove,
          minmay_stone_trees_small
D:2:      layout_loops_ring, uniq_sigmund
D:3:      layout_basic

Action                   || total
-------------------------++-------
Melee: Dagger            ||    92
       Bite              ||     8
       Punch             ||     3
  Use: Potion            ||     2
       Scroll            ||     1
 Stab: Sleeping          ||     8
       Distracted        ||     1
Armor: Robe              ||     3
       Leather armour    ||    20
Dodge: Dodged            ||    67

Table legend: (Time is in decaauts)
 A = Elapsed time spent in this place.
 B = Non-inter-level travel time spent in this place.
 C = Inter-level travel time spent in this place.
 D = Time resting spent in this place.
 E = Time spent auto-exploring this place.
 F = Levels seen in this place.
 G = Mean time per level.
                   A        B        C        D        E       F      G
               +--------+--------+--------+--------+--------+-----+--------+
         Total |   1423 |   1379 |     44 |    133 |    824 |   3 |  474.3 |
       Dungeon |   1423 |   1379 |     44 |    133 |    824 |   3 |  474.3 |
               +--------+--------+--------+--------+--------+-----+--------+

Top non-repeatable levels by time:
     D:2: 807 daAuts
     D:1: 600 daAuts
     D:3: 15 daAuts
